 Dungeon Crawl Stone Soup version 0.17.0-28-g6e173f8 (webtiles) character file.

57 Ivanskos the Covered (level 3, -8/34 HPs)
             Began as a Deep Dwarf Fighter on Nov 28, 2015.
             Mangled by Ithica's ghost (12 damage)
             ... on level 3 of the Dungeon.
             The game lasted 00:04:31 (1470 turns).

Ivanskos the Covered (Deep Dwarf Fighter)           Turns: 1470, Time: 00:04:31

Health: -8/34      AC:  7    Str: 20    XL:     3   Next: 73%
Magic:  3/3        EV:  7    Int:  8    God:
Gold:   90         SH:  9    Dex: 12    Spells: 0 memorised, 2 levels left

rFire  . . .     SeeInvis .     a - +0 flail
rCold  . . .     Clarity  .     b - +0 scale mail
rNeg   . . .     SustAt   .     c - +0 shield
rPois  .         Gourm    .     (no helmet)
rElec  .         Spirit   .     (no cloak)
rCorr  .         Warding  .     (no gloves)
rMut   .         Stasis   .     (no boots)
MR     .....                    (no amulet)
Stlth  ..........               (no ring)
                                (no ring)

@: non-regenerating, not resistant to hostile enchantments, extremely unstealthy
A: damage resistance, recharge devices, sense surroundings 1, slow regeneration
3
a: Device Recharging


You were on level 3 of the Dungeon.
You were not hungry.

You visited 1 branch of the dungeon, and saw 3 of its levels.

You collected 90 gold pieces.

Inventory:

Hand Weapons
 a - a +0 flail (weapon)
Armour
 b - a +0 scale mail (worn)
 c - a +0 shield (worn)
Wands
 e - a wand of heal wounds (4)
Scrolls
 h - a scroll of fog {unknown}
 i - 3 scrolls of enchant weapon {unknown}
 j - a scroll of amnesia {unknown}
 k - 3 scrolls of recharging {unknown}
 p - 2 scrolls of fear {unknown}
 q - 2 scrolls of remove curse {unknown}
 s - a scroll of identify {unknown}
 t - a scroll of magic mapping {unknown}
Potions
 d - a potion of might
 g - a potion of flight {unknown}
 l - a potion of lignification {unknown}
 m - a potion of resistance {unknown}
 n - 2 potions of brilliance {unknown}
 o - 2 potions of curing {unknown}
 r - a potion of degeneration {unknown}
Comestibles
 f - 2 bread rations


   Skills:
 + Level 3.1 Fighting
 + Level 2.6 Maces & Flails
 + Level 3.9 Armour
 + Level 3.8 Shields


You had 2 spell levels left.
You didn't know any spells.

Dungeon Overview and Level Annotations

Branches:
Dungeon (3/15)

Altars:
Nemelex Xobeh

Annotations:
D:3 Ithica's ghost, amateur MiFi


Innate Abilities, Weirdness & Mutations

You are resistant to damage.
You can recharge devices by infusing magical energy.
You passively map a small area around you.
You do not regenerate naturally.


Message History

You hit Ithica's ghost but do no damage.
Ithica's ghost is lightly damaged.
Ithica's ghost barely misses you.
You hit Ithica's ghost but do no damage.
Ithica's ghost is lightly damaged.
Ithica's ghost hits you.
You barely miss Ithica's ghost.
Ithica's ghost is lightly damaged.
Ithica's ghost barely misses you. Ithica's ghost hits you.
You closely miss Ithica's ghost.
Ithica's ghost is lightly damaged.
Ithica's ghost hits you.
You barely miss Ithica's ghost.
Ithica's ghost is lightly damaged.
Ithica's ghost hits you!
* * * LOW HITPOINT WARNING * * *
You barely miss Ithica's ghost.
Ithica's ghost is lightly damaged.
Ithica's ghost hits you!
You die...

..........# * #.........#
#...(.....# , #.........#
, , #.........# *
#.........# ####*
#....W....# , * .....,
#.@†...#* ,
......###.###### * * *
............#############
,
......###.###...........#*
,
......#<..###...........#*
*#.....##...........#*,
#.....†)...........#
#.....##...........#
#.....##...........#


You could see Ithica's ghost.

Vanquished Creatures
  An adder (D:2)
  2 oozes
  A worm (D:2)
  A giant gecko (D:1)
  11 goblins
  3 hobgoblins
  A kobold (D:2)
  A ball python (D:1)
  8 bats
  2 giant newts (D:3)
  5 rats
36 creatures vanquished.

Notes
Turn   | Place    | Note
--------------------------------------------------------------
     0 | D:1      | Ivanskos the Deep Dwarf Fighter began the quest for the Orb.
     0 | D:1      | Reached XP level 1. HP: 20/20 MP: 1/1
   339 | D:1      | Reached XP level 2. HP: 22/27 MP: 2/2
   836 | D:2      | Found a sparkling altar of Nemelex Xobeh.
   841 | D:2      | Reached XP level 3. HP: 20/33 MP: 3/3
  1455 | D:3      | Noticed Ithica's ghost (amateur MiFi)
  1470 | D:3      | Mangled by Ithica's ghost

Action                   || total
-------------------------++-------
Melee: Flail             ||   141
Evoke: Wand              ||     1
  Eat: Meat ration       ||     1
